 Dungeon Crawl Stone Soup version 0.26-a0-652-gafc20e3620 (webtiles) character file.

Game seed: 1849129496345670458

1979 P0NYSLAYSTATION the Grave Robber (level 9, -4/106 HPs)
             Began as a Hill Orc Necromancer on Oct 1, 2020.
             Was a Follower of Yredelemnul.
             Slain by a troll (6 damage)
             ... on level 5 of the Dungeon.
             The game lasted 00:48:34 (8348 turns).

P0NYSLAYSTATION the Grave Robber (HONe)             Turns: 8348, Time: 00:48:38

Health: -4/106     AC:  5    Str: 14    XL:     9   Next: 20%
Magic:  5/16       EV: 10    Int: 15    God:    Yredelemnul [*.....]
Gold:   275        SH:  5    Dex: 11    Spells: 8/17 levels left

rFire    . . .     SeeInvis .   p - +0 trident (vamp)
rCold    + . .     Faith    .   v - +1 buckler
rNeg     . . .     Spirit   .   H - +0 ring mail {rC+}
rPois    .         Reflect  .   (no helmet)
rElec    .         Harm     .   (no cloak)
rCorr    .         Rampage  .   (no gloves)
MR       .....                  (no boots)
Stlth    ..........             (no amulet)
HPRegen  0.27/turn              (no ring)
MPRegen  0.15/turn              (no ring)

@: berserking, very slightly contaminated, lightly drained, very quick
A: no striking features
a: Animate Remains, Renounce Religion


You were on level 5 of the Dungeon.
You worshipped Yredelemnul.
Yredelemnul was aware of your devotion.
You visited 2 branches of the dungeon, and saw 8 of its levels.

You collected 275 gold pieces.

Inventory:

Hand Weapons
 d - a +0 dagger
 k - the +5 mace "Gayschefe" {freeze, Int+3}
   (You found it on level 4 of the Dungeon)

   It has been specially enchanted to freeze those struck by it, causing extra
   injury to most foes and up to half again as much damage against particularly
   susceptible opponents.
   It can also slow down cold-blooded creatures.
   It affects your intelligence (+3).
 p - a +0 vampiric trident (weapon)
 u - a +0 short sword of freezing
 C - a cursed +0 hunting sling
Missiles
 b - 191 stones
 c - a throwing net
 t - 36 poisoned darts (quivered)
 N - 3 boomerangs
Armour
 a - a +0 robe
 g - a +0 ring mail
 h - a +0 leather armour
 v - a +1 buckler (worn)
 H - a +0 ring mail of cold resistance (worn)
Magical Staves
 w - an uncursed staff of poison {unknown}
Jewellery
 f - a cursed amulet of inaccuracy
 I - an uncursed ring of protection from magic
Wands
 n - a wand of polymorph (10)
 s - a wand of random effects (29)
 x - a wand of enslavement (11)
Scrolls
 e - a scroll of enchant weapon {unknown}
 i - 2 scrolls of noise {unknown}
 j - 2 scrolls of immolation
 l - a scroll of blinking {unknown}
 m - 3 scrolls of remove curse
 r - 4 scrolls of teleportation
 y - a scroll of enchant armour
 E - a scroll of holy word {unknown}
 F - a scroll of amnesia {unknown}
 G - 5 scrolls of identify
 M - a scroll of fear {unknown}
 O - a scroll of magic mapping {unknown}
Potions
 o - a potion of invisibility {unknown}
 q - a potion of flight
 z - 3 potions of mutation {unknown}
 A - a potion of curing {unknown}
 D - a potion of ambrosia {unknown}
 K - 3 potions of lignification {unknown}
 L - a potion of haste


   Skills:
 + Level 4.1(3.6) Fighting
 + Level 0.4(0.0) Short Blades
 - Level 3.0(2.6) Maces & Flails
 * Level 4.6(4.1) Polearms
 + Level 2.1(1.6) Throwing
 + Level 4.5(4.0) Armour
 + Level 2.0(1.6) Dodging
 + Level 1.7(1.3) Stealth
 + Level 2.2(1.8) Shields
 + Level 4.7(4.3) Spellcasting
 + Level 6.3(5.8) Necromancy


You had 8 spell levels left.
You knew the following spells:

 Your Spells              Type           Power        Failure   Level
a - Pain                  Necr           ###.         4%          1
b - Animate Skeleton      Necr           ###...       4%          1
c - Animate Dead          Necr           ###.......   38%         4
d - Vampiric Draining     Necr           ###.......   12%         3

Your spell library contained the following spells:

 Spells                   Type           Power        Failure   Level
 Agony                    Necr           ###.....     75%         5


Dungeon Overview and Level Annotations

Branches:
Dungeon (7/15)             Temple (1/1) D:6

Altars:
Ashenzari
Cheibriados
Dithmenos
Elyvilon
Fedhas
Gozag
Hepliaklqana
Kikubaaqudgha
Makhleb
Okawaru
Qazlal
Ru
Sif Muna
Uskayaw
Wu Jian
Xom
Yredelemnul
Zin
The Shining One

Shops:
D:7 }

Annotations:
D:7 Joseph


Message History

* * * LOW HITPOINT WARNING * * *
You closely miss the troll.
The troll is moderately wounded.
The troll bites you!
* * * LOW HITPOINT WARNING * * *
The troll completely misses you. The troll claws you.
* * * LOW HITPOINT WARNING * * *
You barely miss the troll.
The troll is moderately wounded.
The troll closely misses you. The troll barely misses you. The troll claws you.
* * * LOW HITPOINT WARNING * * *
You puncture the troll!
You feel better.
The troll is severely wounded.
You puncture the troll!
You feel better.
The troll is almost dead.
The troll bites you!
* * * LOW HITPOINT WARNING * * *
The troll claws you but does no damage. The troll claws you.
You die...
Your body rises from the dead as a mindless zombie.

##..
##.....#########
....# ##.#.##
....###....
##....#...#
#.........#
#.........# #
#.....# #
#.T#..# # .
#@.#..# ## ...
##..#..# ##.
.....###..##.(#
##.# #.....<..#
..# ###.##
###.....## ...
#..## #######
..( #.## #.##
#..# ##.##


You could see a troll.

Vanquished Creatures
  A sky beast (D:6)
  A black bear (D:6)
  A necrophage (D:7)
  4 ogres
  3 centaurs
  Blork the orc (D:6)
  3 bullfrogs
  A gnoll sergeant (D:6)
  2 scorpions (D:6)
  A centaur zombie (D:6)
  A centaur skeleton (D:3)
  3 orc priests
  3 orc wizards
  2 hounds
  2 iguanas
  2 worker ants (D:5)
  4 hound skeletons
  7 gnolls
  A howler monkey skeleton (D:4)
  10 adders
  A shadow imp (D:5)
  2 white imps
  2 adder skeletons
  A worm (D:2)
  A dart slug (D:2)
  A leopard gecko (D:3)
  18 orcs
  4 giant cockroaches
  13 goblins
  5 hobgoblins
  12 jackals
  2 kobolds
  2 quokkas
  6 bats
  2 frilled lizards (D:1)
  11 rats
136 creatures vanquished.

Vanquished Creatures (collateral kills)
  5 orcs
  A giant cockroach (D:6)
6 creatures vanquished.

Grand Total: 142 creatures vanquished

Notes
Turn   | Place    | Note
-------+----------+-------------------------------------------
     0 | D:1      | P0NYSLAYSTATION the Hill Orc Necromancer began the quest
                  | for the Orb.
     0 | D:1      | Reached XP level 1. HP: 14/14 MP: 3/3
    29 | D:1      | Learned a level 1 spell: Animate Skeleton
   294 | D:2      | Reached XP level 2. HP: 19/20 MP: 1/4
   540 | D:1      | Reached XP level 3. HP: 5/27 MP: 1/6
   889 | D:3      | Reached skill level 1 in Fighting
  1066 | D:4      | Found a snail-covered altar of Cheibriados.
  1218 | D:4      | Got a bloodstained mace
  1219 | D:4      | Identified the +5 mace "Gayschefe" {freeze, Int+3} (You
                  | found it on level 4 of the Dungeon)
  1240 | D:4      | Found a burning altar of Makhleb.
  1247 | D:4      | Noticed an ogre
  1256 | D:4      | Killed an ogre
  1256 | D:4      | Reached skill level 1 in Armour
  1256 | D:4      | Reached XP level 4. HP: 34/37 MP: 2/7
  1256 | D:4      | Reached XP level 5. HP: 38/42 MP: 2/8
  1262 | D:4      | Learned a level 4 spell: Animate Dead
  1299 | D:4      | Found an ornate altar of the Wu Jian Council.
  1739 | D:5      | Entered Level 5 of the Dungeon
  1751 | D:4      | Reached skill level 1 in Maces & Flails
  2139 | D:5      | Reached XP level 6. HP: 42/49 MP: 6/10
  2146 | D:5      | Learned a level 3 spell: Vampiric Draining
  2402 | D:6      | Noticed a sky beast
  2403 | D:6      | Found a stormy altar of Qazlal.
  2553 | D:6      | HP: 2/50 [gnoll/+0 halberd (15)]
  2567 | D:6      | Reached skill level 5 in Necromancy
  2775 | D:6      | Noticed a black bear
  2785 | D:6      | Killed a black bear
  2785 | D:6      | Reached XP level 7. HP: 53/56 MP: 11/11
  2980 | D:5      | Reached skill level 1 in Polearms
  3366 | D:5      | Reached skill level 1 in Throwing
  3525 | D:5      | Reached skill level 1 in Shields
  3723 | D:5      | Found a white marble altar of Elyvilon.
  3746 | D:5      | Reached XP level 8. HP: 14/66 MP: 3/13
  4149 | D:6      | Noticed Blork the orc
  4159 | D:6      | Killed Blork the orc
  4367 | D:6      | Found an opulent altar of Gozag.
  4367 | D:6      | Found a broken altar of Ashenzari.
  4624 | D:7      | Found Fecom's Gadget Shop.
  4899 | D:6      | Reached skill level 6 in Necromancy
  4921 | D:6      | Reached XP level 9. HP: 64/71 MP: 15/15
  4955 | D:6      | Found a staircase to the Ecumenical Temple.
  4967 | D:7      | Noticed Joseph
  4981 | Temple   | Entered the Ecumenical Temple
  5190 | Temple   | Became a worshipper of Yredelemnul the Dark
  5943 | D:2      | Reached * piety under Yredelemnul
  6210 | D:2      | Found a blossoming altar of Fedhas.
  6416 | D:2      | Found a hazy altar of Hepliaklqana.
  8329 | D:5      | Noticed a troll
  8348 | D:5      | HP: 2/106 [troll (14)]
  8348 | D:5      | Slain by a troll

Illustrated notes

Levels and vault maps discovered:
D:1:      dpeg_arrival_shrine, layout_basic
D:2:      layout_basic, old_standard_altar, lemuel_crystal_altar
D:3:      layout_basic
D:4:      layout_basic, nicolae_overflow_crystal_walls, bloody_makhleb,
          lemuel_round_altar
D:5:      layout_layer_cave, elyvilon_altar_3
D:6:      layout_basic, grunt_qazlal_clouds,
          chequers_temple_overflow_statue_of_worship,
          minmay_temple_entry_drinking_statues, portal_sewer_entry_d,
          uniq_prince_ribbit1, uniq_blork_the_orc
D:7:      layout_gridville, kennysheep_mini_moat, serial_shops, shop,
          nicolae_elemental_shop, hangedman_decor_riveting, uniq_menkaure,
          uniq_joseph, uniq_duvessa
Temple:   jpeg_temple_alley_garden

Skill      XL: |  1  2  3  4  5  6  7  8  9 |
---------------+----------------------------+-----
Spellcasting   | 2 3 4 |  4.7
Fighting       | 2 3 4 |  4.1
Armour         | 1 2 4 |  4.5
Maces & Flails | 1 2 3 |  3.0
Necromancy     | 5 6 |  6.3
Polearms       | 1 3 4 |  4.6
Throwing       | 1 2 |  2.1
Shields        | 1 2 |  2.2
Dodging        | 2 |  2.0
Short Blades   | |  0.4
Stealth        | |  1.7

Action                   |  1- 3 |  4- 6 |  7- 9 || total
-------------------------+-------+-------+-------++-------
Melee: Dagger            |    63 |       |       ||    63
       Unarmed           |     5 |       |       ||     5
       Mace              |     3 |    45 |    90 ||   138
       Trident           |       |       |   170 ||   170
Throw: Stone             |     8 |    12 |     6 ||    26
       Dart              |       |     6 |    19 ||    25
       Boomerang         |       |       |    20 ||    20
 Cast: Pain              |    28 |    19 |    63 ||   110
       Animate Skeleton  |     6 |     7 |    44 ||    57
       Animate Dead      |       |     3 |       ||     3
       Vampiric Draining |       |     3 |    22 ||    25
  Use: Potion            |     1 |     1 |     2 ||     4
       Scroll            |     1 |     1 |     6 ||     8
Armor: Leather armour    |    16 |    10 |    16 ||    42
       Ring mail         |       |       |    59 ||    59
Dodge: Dodged            |    45 |    30 |   170 ||   245
Block: Buckler           |       |       |    58 ||    58

Table legend: (Time is in decaauts)
 A = Elapsed time spent in this place.
 B = Non-inter-level travel time spent in this place.
 C = Inter-level travel time spent in this place.
 D = Time resting spent in this place.
 E = Time spent auto-exploring this place.
 F = Levels seen in this place.
 G = Mean time per level.
                   A        B        C        D        E       F      G
               +--------+--------+--------+--------+--------+-----+--------+
         Total |   8433 |   7541 |    892 |    799 |   4945 |   8 | 1054.1 |
       Dungeon |   8198 |   7343 |    855 |    799 |   4749 |   7 | 1171.1 |
        Temple |    234 |    197 |     37 |      0 |    196 |   1 |  234.0 |
               +--------+--------+--------+--------+--------+-----+--------+

Top non-repeatable levels by time:
     D:5: 1702 daAuts
     D:4: 1526 daAuts
     D:2: 1262 daAuts
     D:6: 1168 daAuts
     D:3: 1082 daAuts
     D:1: 1045 daAuts
     D:7: 410 daAuts
  Temple: 234 daAuts
